 Dungeon Crawl Stone Soup version 0.29-a0-284-gf9362112df (webtiles) character file.

Game seed: 4326983269728043983

788 siradein the Grave Robber (level 7, -4/61 HPs)
             Began as a Deep Dwarf Necromancer on Mar 23, 2022.
             Slain by an ogre
             ... wielding a +0 giant spiked club
              (33 damage)
             ... on level 5 of the Dungeon.
             The game lasted 00:21:43 (5119 turns).

siradein the Grave Robber (Deep Dwarf Necromancer)  Turns: 5119, Time: 00:21:44

Health: -4/61      AC:  5    Str: 11    XL:     7   Next: 56%
Magic:  8/11       EV: 11    Int: 18    God:
Gold:   266        SH:  0    Dex: 13    Spells: 2/12 levels left

rFire   . . .      SeeInvis .   h - +2 short sword (elec)
rCold   . . .      Faith    .   (no shield)
rNeg    + . .      Spirit   .   m - +0 ring mail
rPois   .          Reflect  .   (no helmet)
rElec   .          Harm     .   (no cloak)
rCorr   .          Rampage  .   (no gloves)
Will    +....                   (no boots)
Stlth   +.........              (no amulet)
HPRegen 0.00/turn               a - ring of positive energy
MPRegen 0.12/turn               (no ring)

@: no status effects
A: damage resistance, heal wounds, sense surroundings 1, no regeneration
a: Heal Wounds


You were on level 5 of the Dungeon.
You visited 1 branch of the dungeon, and saw 5 of its levels.

You collected 266 gold pieces.

Inventory:

Hand Weapons
 h - a +2 short sword of electrocution (weapon)
 o - a +0 flail
Missiles
 t - 3 poisoned darts
Armour
 m - a +0 ring mail (worn)
 q - an orb of energy
Magical Staves
 w - a staff of earth
Jewellery
 a - a ring of positive energy (left hand)
Wands
 r - a wand of acid (6)
Scrolls
 c - a scroll of enchant weapon {unknown}
 g - a scroll of noise {unknown}
 j - 4 scrolls of enchant armour {unknown}
 l - 2 scrolls of teleportation {unknown}
 n - a scroll of fear {unknown}
 s - a scroll of magic mapping {unknown}
 u - a scroll of blinking {unknown}
Potions
 b - a potion of magic
 d - a potion of resistance
 e - a potion of cancellation
 f - a potion of ambrosia
 i - a potion of brilliance
 k - a potion of invisibility {unknown}
 p - 2 potions of curing {unknown}
 v - a potion of lignification {unknown}
 x - a potion of flight {unknown}


   Skills:
 + Level 2.8 Fighting
 + Level 2.2 Maces & Flails
 + Level 2.7 Armour
 + Level 4.2 Dodging
 - Level 2.4 Stealth
 + Level 3.2 Spellcasting
 * Level 6.8 Necromancy


You had 2 spell levels left.
You knew the following spells:

 Your Spells              Type           Power      Damage    Failure   Level
a - Vampiric Draining     Necr           27%        2d7       6%          3
b - Pain                  Necr           100%       1d9       2%          1
c - Animate Dead          Necr           13%        N/A       22%         4
d - Corpse Rot            Necr/Air       30%        N/A       13%         2

Your spell library contained the following spells:

 Spells                   Type           Power      Damage    Failure   Level
 Animate Skeleton         Necr           54%        N/A       2%          1
 Sting                    Tmut/Pois      8%         1d3       36%         1
 Poisonous Vapours        Pois/Air       4%         N/A       50%         2
 Agony                    Necr           27%        N/A       52%         5
 Inner Flame              Hex/Fire       2%         N/A       73%         3
 Cause Fear               Hex            1%         N/A       98%         4
 Olgreb's Toxic Radiance  Pois           2%         N/A       98%         4
 Discord                  Hex            1%         N/A       100%        8


Dungeon Overview and Level Annotations

Branches:
Dungeon (5/15)             Temple (0/1) D:5

Altars:
Cheibriados
Dithmenos
Nemelex Xobeh
Sif Muna

Annotations:
D:2 1 runed translucent door, Crazy Yiuf, Sigmund


Innate Abilities, Weirdness & Mutations

You are resistant to damage.
You can heal yourself by infusing magical energy.
You passively map a small area around you.
You do not regenerate.


Message History

Casting: Vampiric Draining (dangerous; 7% risk of failure)
Confirm with . or Enter, or press ? or * to list all spells.
Aiming: Vampiric Draining (dangerous; 7% risk of failure)
Press: ? - help, Shift-Dir - straight line You draw life force from something!
You feel life coursing into your body. Something hits you but does no damage.
Casting: Vampiric Draining (dangerous; 7% risk of failure)
Confirm with . or Enter, or press ? or * to list all spells.
Aiming: Vampiric Draining (dangerous; 7% risk of failure)
Press: ? - help, Shift-Dir - straight line You miscast Vampiric Draining.
You are very lightly contaminated with residual magic.
Nothing appears to happen.
Something hits you. Something shocks you.
You miss something. Something hits you. Something shocks you.
You hit something. Something hits you but does no damage.
You hit something. Something hits you. Something shocks you.
Something hits you but does no damage.
You closely miss something. Something hits you but does no damage.
You hit something. Something hits you but does no damage.
Casting: Vampiric Draining (dangerous; 7% risk of failure)
Confirm with . or Enter, or press ? or * to list all spells.
Aiming: Vampiric Draining (dangerous; 7% risk of failure)
Press: ? - help, Shift-Dir - straight line You draw life force from something!
Reactivating autopickup.
You feel a bit more experienced.
Your magical contamination has completely faded away.
Found a stone staircase leading up.
An ogre comes into view. It is wielding a +0 giant spiked club.
An ogre is nearby!
An ogre is nearby!
Casting: Vampiric Draining (dangerous; 6% risk of failure)
Confirm with . or Enter, or press ? or * to list all spells.
Aiming: Vampiric Draining (dangerous; 6% risk of failure)
Press: ? - help, Shift-Dir - straight line, f - ogre
Aim: an ogre, wielding a +0 giant spiked club You draw life force from the ogre!
You feel life coursing into your body.
The ogre hits you with a +0 giant spiked club!!!
Ouch! That really hurt!
You die...

#.........##...... *.
....................
#.#..##.....##........
.#.###..#..###.......
...##..###..##.......
##.....###...........
##.##...#....#.......
#.<.#........#.......
* ,#.@....#...###.....
#.O.####....# #....#
#.#.####.#..###..### *
...#.##............#
###,#.#..##..#...##.#
###+###+###'###.#
#.......#..#.# *, ,
#.......#..#.# ,
+###+###'..+.#


You could see an ogre.

Vanquished Creatures
  Grinder (D:3)
  A sky beast (D:5)
  A phantom (D:4)
  4 hounds
  2 iguanas
  5 gnolls
  12 adders
  3 worms
  2 dart slugs (D:1)
  7 orcs
  3 endoplasms
  4 giant cockroaches
  7 goblins
  10 hobgoblins
  5 kobolds
  8 quokkas
  4 ball pythons
  4 bats
  2 frilled lizards (D:3)
  6 rats
91 creatures vanquished.

Notes
Turn   | Place    | Note
-------+----------+-------------------------------------------
     0 | D:1      | siradein the Deep Dwarf Necromancer began the quest for the
                  | Orb.
     0 | D:1      | Reached XP level 1. HP: 15/15 MP: 3/3
   241 | D:1      | Reached XP level 2. HP: 15/24 MP: 0/4
  1114 | D:1      | Reached XP level 3. HP: 9/30 MP: 2/6
  1118 | D:1      | Learned a level 3 spell: Vampiric Draining
  1204 | D:2      | Reached skill level 1 in Fighting
  1265 | D:2      | Reached skill level 5 in Necromancy
  1584 | D:2      | Found a runed translucent door.
  1585 | D:2      | Noticed Crazy Yiuf
  1623 | D:2      | Reached XP level 4. HP: 37/38 MP: 0/7
  1802 | D:2      | Noticed Sigmund
  2516 | D:3      | Reached XP level 5. HP: 30/44 MP: 1/8
  2588 | D:3      | Noticed Grinder
  2620 | D:3      | Paralysed by Grinder for 2 turns
  2623 | D:3      | Killed Grinder
  2624 | D:3      | Reached skill level 1 in Maces & Flails
  2624 | D:3      | Reached skill level 1 in Armour
  2624 | D:3      | Reached skill level 6 in Necromancy
  2624 | D:3      | Reached XP level 6. HP: 19/52 MP: 8/10
  2748 | D:3      | Found a snail-covered altar of Cheibriados.
  3670 | D:4      | Found a sparkling altar of Nemelex Xobeh.
  4141 | D:4      | Reached XP level 7. HP: 59/61 MP: 2/11
  4397 | D:5      | Entered Level 5 of the Dungeon
  4659 | D:5      | Found a shadowy altar of Dithmenos.
  4768 | D:5      | Learned a level 4 spell: Animate Dead
  4771 | D:5      | Learned a level 2 spell: Corpse Rot
  4986 | D:5      | Found a shimmering blue altar of Sif Muna.
  5119 | D:5      | Slain by an ogre

Illustrated notes

Levels and vault maps discovered:
D:1:      roderic_crossed_star, layout_basic
D:2:      layout_basic, kennysheep_potato, uniq_sigmund, uniq_crazy_yiuf_cottage
D:3:      layout_basic, cheibrodos_worm_habitat, uniq_grinder
D:4:      layout_gridville, lemuel_round_altar, kennysheep_generic_room_16
D:5:      layout_rooms, nicolae_dithmenos_shadow_blocks,
          mainiacjoe_overflow_24_doors, minmay_temple_entry_drinking_statues,
          minmay_misc_feat_chi, dreamdust_princess_corridor, serial_park_tiny_2

Skill      XL: |  1  2  3  4  5  6  7 |
---------------+----------------------+-----
Spellcasting   | 2 3 |  3.2
Fighting       | 1 2 |  2.8
Necromancy     | 5 6 |  6.8
Dodging        | 3 4 |  4.2
Maces & Flails | 1 2 |  2.2
Armour         | 1 2 |  2.7
Stealth        | |  2.4

Action                   |  1- 3 |  4- 6 |  7- 9 || total
-------------------------+-------+-------+-------++-------
Melee: Unarmed           |     9 |       |       ||     9
       Short sword       |    14 |    99 |    45 ||   158
       Punch             |     1 |       |       ||     1
       Flail             |       |     1 |       ||     1
 Cast: Pain              |    40 |       |       ||    40
       Vampiric Draining |    11 |    38 |    22 ||    71
  Use: Scroll            |       |     4 |       ||     4
 Stab: Sleeping          |       |     1 |       ||     1
Armor: Robe              |     3 |     4 |       ||     7
       Ring mail         |       |    43 |    19 ||    62
Dodge: Dodged            |    21 |    77 |    29 ||   127

Table legend: (Time is in decaauts)
 A = Elapsed time spent in this place.
 B = Non-inter-level travel time spent in this place.
 C = Inter-level travel time spent in this place.
 D = Time resting spent in this place.
 E = Time spent auto-exploring this place.
 F = Levels seen in this place.
 G = Mean time per level.
                   A        B        C        D        E       F      G
               +--------+--------+--------+--------+--------+-----+--------+
         Total |   5147 |   5039 |    108 |    147 |   3785 |   5 | 1029.4 |
       Dungeon |   5147 |   5039 |    108 |    147 |   3785 |   5 | 1029.4 |
               +--------+--------+--------+--------+--------+-----+--------+

Top non-repeatable levels by time:
     D:4: 1292 daAuts
     D:1: 1144 daAuts
     D:2: 1089 daAuts
     D:3: 961 daAuts
     D:5: 659 daAuts
